 Dungeon Crawl Stone Soup version 0.19-a0-1732-g0b18a7b (webtiles) character file.

74 junb69 the Poker (level 4, -1/42 HPs)
             Began as a Naga Abyssal Knight on Sept 30, 2016.
             Was a Follower of Lugonu.
             Slain by Sigmund
             ... wielding a +0 scythe
              (6 damage)
             ... on level 2 of the Dungeon.
             The game lasted 00:06:44 (2431 turns).

junb69 the Poker (Naga Abyssal Knight)              Turns: 2431, Time: 00:06:45

Health: -1/42      AC:  3    Str: 14    XL:     4   Next: 28%
Magic:  15/15      EV:  9    Int: 12    God:    Lugonu [*.....]
Gold:   44         SH:  0    Dex: 12    Spells: 0 memorised, 3 levels left

rFire  . . .     SeeInvis +     a - +1 spear
rCold  . . .     Gourm    .     b - +0 leather armour
rNeg   . . .     Faith    .     (no shield)
rPois  +         Spirit   .     (no helmet)
rElec  .         Dismiss  .     (no cloak)
rCorr  .         Reflect  .     (no gloves)
MR     .....     Harm     .     (no barding)
Stlth  +.........               (no amulet)
                                (no ring)
                                l - ring of magical power

@: confused, very slow
A: see invisible, deformed body, poison resistance, slowness 2, slow metabolism
1, spit poison 1, AC +1
a: Spit Poison, Depart the Abyss, Renounce Religion


You were on level 2 of the Dungeon.
You worshipped Lugonu.
Lugonu was aware of your devotion.
You were hungry.

You visited 1 branch of the dungeon, and saw 2 of its levels.
You visited the Abyss 1 time.

You collected 44 gold pieces.

Inventory:

Hand Weapons
 a - a +1 spear (weapon)
Armour
 b - a +0 leather armour (worn)
Jewellery
 l - a ring of magical power (left hand)
Scrolls
 d - 4 scrolls of remove curse
 g - a scroll of recharging {unknown}
 i - a scroll of identify {unknown}
 j - a scroll of teleportation {unknown}
 k - a scroll of fear
 n - a scroll of magic mapping {unknown}
Comestibles
 c - 2 bread rations
 m - a meat ration


   Skills:
 - Level 3.2 Fighting
 * Level 3.4 Polearms
 - Level 1.5 Armour
 - Level 0.7 Dodging
 * Level 3.2 Invocations


You had 3 spell levels left.
You didn't know any spells.

Dungeon Overview and Level Annotations

Branches:
Dungeon (2/15)

Altars:

Annotations:
D:2 Sigmund


Innate Abilities, Weirdness & Mutations

You cannot wear boots.
Your serpentine skin is tough. (AC +1)
You have supernaturally acute eyesight. (SInv)
Armour fits poorly on your strangely shaped body.
Your system is resistant to poisons. (rPois)
You cover ground very slowly.
You have a slow metabolism.
You can spit poison.


Message History

* * * LOW HITPOINT WARNING * * *
Sigmund points at you and mumbles some strange words.
The magic dart hits you!
* * * LOW HITPOINT WARNING * * *
Sigmund gestures at you while chanting.
You are more confused.
You bump into the rock wall.
Sigmund points at you and mumbles some strange words.
The magic dart hits you!
* * * LOW HITPOINT WARNING * * *
Sigmund gestures at you while chanting. You resist with some effort.
You bump into the rock wall.
You're too confused!
Unknown command.
Evoke which item? (* to show all) (? for menu, Esc to quit)
You're too confused!
Sigmund barely misses you.
Sigmund hits you from afar with a scythe.
You die...

. ######........#
.#######....@........#
...............>######
^....##.......#....#
.....##.......#.##.#
..?..##.......#.##.######
.....##.........#.......#
.....@'.................#
.....##.......##@.@.....#
.######.......##........#
.######......(###.......#
......#.......###..######
......#............##
...@..#......###..(.#
......#......###....##
......#..............#
.........###.........#


You could see Sigmund (invisible).

Vanquished Creatures
  3 adders
  An ooze (D:1)
  2 worms
  2 dart slugs (D:1)
  A leopard gecko (D:1)
  2 giant cockroaches (D:1)
  4 hobgoblins
  2 kobolds (D:1)
  A ball python (D:1)
  7 bats
  3 frilled lizards
  2 goblins
  7 rats
37 creatures vanquished.

Notes
Turn   | Place    | Note
-------+----------+-------------------------------------------
     0 | Abyss:1  | junb69 the Naga Abyssal Knight began the quest for the Orb.
     0 | Abyss:1  | Reached XP level 1. HP: 21/21 MP: 2/2
    11 | Abyss:1  | Noticed a small abomination
    22 | Abyss:1  | Noticed a small abomination
    68 | Abyss:1  | Noticed a smoke demon
    69 | D:1      | Escaped the Abyss
   322 | D:1      | Reached * piety under Lugonu
   473 | D:1      | Reached XP level 2. HP: 27/28 MP: 3/3
   977 | D:1      | Reached XP level 3. HP: 23/34 MP: 4/4
  2032 | D:2      | Noticed Sigmund
  2063 | D:1      | Reached XP level 4. HP: 27/42 MP: 6/6
  2431 | D:2      | Slain by Sigmund

Vault maps used:
D:1:      dpeg_arrival_fog
D:2:      first_bread, moated_statue, uniq_sigmund, uniq_terence
Abyss:1:  hangedman_cross_veins

Skill      XL: |  1  2  3 |
---------------+----------+-----
Polearms       | 3 |  3.4
Invocations    | 3 |  3.2
Fighting       | |  3.2
Armour         | |  1.5
Dodging        | |  0.7

Action                   |  1- 3 |  4- 6 || total
-------------------------+-------+-------++-------
Melee: Spear             |   157 |    25 ||   182
Invok: Depart the Abyss  |     1 |       ||     1
 Abil: Spit Poison       |     7 |     4 ||    11
  Use: Potion            |     3 |       ||     3
       Scroll            |     2 |     1 ||     3
  Eat: Chunk             |     3 |       ||     3
Armor: Leather armour    |    44 |     1 ||    45
       Skin              |    17 |    16 ||    33
Dodge: Dodged            |    87 |     5 ||    92
